AoeStats
← 大汉天子·玄德·GOOD

Arabia

509239716Analyzed
1v1 RM · 4d ago on Sep 26, 2026· 56m 45s· 2 players
Game mode
Random Map
Map size
Tiny (2 player)
Population
200
Speed
Normal
Resources
Standard
Victory
Conquest
Starting age
Dark Age
Ending age
Imperial Age
RankedLock teamsTeams togetherTeam positionsShared explorationLock speedFull tech treeHidden civsTurbo modeCheats
Victory
Defeat
🇬🇧 Varangians · United Kingdom
1312
+17
🇪🇨 Varangians · Ecuador
1339
-17
大汉天子·玄德·GOOD
6:38 Loom
8:55 Feudal Age
10:57 Double-Bit Axe
12:11 Bloodlines
14:38 Horse Collar
17:09 Gold Mining
17:18 Gold Mining
20:14 Castle Age
19:13 Fletching
19:28 Padded Archer Armor
21:01 Bodkin Arrow
21:33 Bow Saw
25:00 Ballistics
27:32 Wheelbarrow
26:42 Town Watch
28:26 Husbandry
28:55 Forging
28:53 Scale Barding Armor
30:22 Chain Barding Armor
31:00 Heavy Plow
32:29 Stone Mining
37:02 Imperial Age
35:59 Hand Cart
36:51 Forging
37:59 Cavalier
39:18 Iron Casting
40:10 Plate Barding Armor
41:40 Blast Furnace
40:54 Treadmill Crane
43:20 Two-Man Saw
42:52 Crop Rotation
44:10 Two-Man Saw
45:18 Bracer
44:41 Heavy Mounted Crossbowman
45:51 Town Patrol
45:28 Cranequins
46:39 Vendel Legacy
47:51 Leather Archer Armor
48:39 Chemistry
48:43 Conscription
51:02 Ring Archer Armor
52:50 Elite Jarl
52:54 Light Cavalry
55:21 Hussar
DANIEL
8:13 Loom
10:14 Feudal Age
10:53 Double-Bit Axe
14:57 Horse Collar
18:03 Wheelbarrow
19:04 Bloodlines
23:33 Castle Age
22:06 Fletching
22:17 Padded Archer Armor
23:49 Scale Barding Armor
24:10 Bodkin Arrow
23:39 Elite Skirmisher
24:45 Leather Archer Armor
27:50 Chain Barding Armor
29:07 Forging
29:20 Bow Saw
32:31 Husbandry
33:50 Iron Casting
37:20 Heavy Plow
39:22 Hand Cart
38:52 Town Watch
39:41 Gold Mining
40:01 Scale Mail Armor
40:49 Squires
43:41 Imperial Age
42:07 Pikeman
42:12 Vendel Legacy
43:43 Chain Mail Armor
44:56 Plate Mail Armor
45:54 Blast Furnace
45:07 Halberdier
51:38 Cavalier
55:39 Bracer
Connection lost

Rejoining the realm…

Still unreachable

The connection could not be restored.

Session expired

The server has moved on; the page needs a fresh start.